 Dungeon Crawl Stone Soup version 0.17-a0-377-gdd46233 (webtiles) character file.

19 Ryushun the Grave Robber (level 2, 0/20 HPs)
             Began as a Formicid Necromancer on Apr 1, 2015.
             Slain by a bat (1 damage)
             ... on level 1 of the Dungeon.
             The game lasted 00:04:14 (846 turns).

Ryushun the Grave Robber (Formicid Necromancer)      Turns: 846, Time: 00:04:14

Health: 0/20       AC:  3    Str: 12    XL:     2   Next: 95%
Magic:  1/4        EV: 11    Int: 14    God:
Gold:   5          SH:  0    Dex: 11    Spells: 2 memorised, 3 levels left

rFire  . . .     SeeInvis +     d - +0 dagger
rCold  . . .     Clarity  .     h - +0 leather armour (curse)
rNeg   . . .     SustAb   .     (no shield)
rPois  .         Gourm    .     (helmet unavailable)
rElec  .         Spirit   .     (no cloak)
rCorr  .         Warding  .     (no gloves)
rMut   .         Stasis   +     (no boots)
MR     .....                    (no amulet)
Stlth  ++........               (no ring)
                                (no ring)

@: very slightly contaminated, not resistant to hostile enchantments, unstealthy
A: permanent stasis, dig shafts and tunnels, four strong arms, antennae 3
a: Dig, Shaft Self


You were on level 1 of the Dungeon.
You were not hungry.

You visited 1 branch of the dungeon, and saw 1 of its levels.

You collected 5 gold pieces.

Inventory:

Hand weapons
 d - a +0 dagger (weapon)
 e - a +0 dagger
 f - a +0 club
 l - a +0 club
 n - a +0 club
 p - a +0 dagger
Missiles
 j - 19 arrows
 m - 17 stones (quivered)
Armour
 a - a +0 robe
 h - a cursed +0 leather armour (worn)
Potions
 i - a potion of curing {unknown}
 k - a potion of flight {unknown}
 o - a potion of might {unknown}
Books
 b - a book of Necromancy

   Spells                             Type                      Level
   a - Pain                           Necromancy                   1
   b - Animate Skeleton               Necromancy                   1
   c - Vampiric Draining              Necromancy                   3
   d - Regeneration                   Charms/Necromancy            3
   e - Animate Dead                   Necromancy                   4
   f - Control Undead                 Necromancy                   4
Comestibles
 c - a bread ration
 g - 2 meat rations


   Skills:
 * Level 0.9 Fighting
 * Level 0.2 Short Blades
 * Level 0.1 Throwing
 * Level 0.2 Armour
 * Level 1.7 Dodging
 * Level 2.7 Stealth
 + Level 2.4 Spellcasting
 + Level 4.2 Necromancy


You had 3 spell levels left.
You knew the following spells:

 Your Spells              Type           Power        Failure   Level  Hunger
a - Pain                  Necr           ##..         8%          1    #......
b - Animate Skeleton      Necr           N/A          8%          1    #......


Dungeon Overview and Level Annotations

Branches:
Dungeon (1/15)

Altars:


Innate Abilities, Weirdness & Mutations

You are under a permanent stasis effect.
You can dig through walls and to a lower floor.
Your four strong arms can wield two-handed weapons with a shield.
You have a pair of large antennae on your head (SInv).


Message History

Items here: ††††† a giant newt corpse; a jackal corpse; a jackal corpse; a jackal corpse a jackal corpse You hit the giant cockroach but do no damage.
The bat closely misses you. The giant cockroach bites you.
* * * LOW HITPOINT WARNING * * *
You hit the giant cockroach.
The giant cockroach is moderately wounded.
The bat barely misses you.
The giant cockroach bites you but does no damage.
You barely miss the giant cockroach.
The giant cockroach is moderately wounded.
The giant cockroach bites you.
* * * LOW HITPOINT WARNING * * *
The giant cockroach bites you but does no damage.
The bat hits you but does no damage.
You barely miss the giant cockroach.
The giant cockroach is moderately wounded.
The bat hits you.
You die...

.......... #.#####
..........# #.Z..Z.
.l........# #######
..{........# # #....
.........#.# ###.###
.........# #...... #.?...#
#...... ###.....# #......
#.s@####### #......
#.#.b.....# #......
#.#.......####......
#########.#..............>..
#.........#............##...
#.........#............##...
#.........#............##...
#.........#.................
#.........#####.........#.##


You could see a giant cockroach and a bat.

Vanquished Creatures
  2 hobgoblins (D:1)
  4 jackals (D:1)
  A giant newt (D:1)
  3 goblins (D:1)
  4 kobolds (D:1)
  A rat (D:1)
15 creatures vanquished.

Vanquished Creatures (collateral kills)
  A giant cockroach (D:1)
  A hobgoblin (D:1)
2 creatures vanquished.

Vanquished Creatures (others)
  2 goblin skeletons (D:1)
  2 hobgoblin skeletons (D:1)
  A kobold skeleton (D:1)
5 creatures vanquished.

Grand Total: 22 creatures vanquished

Notes
Turn   | Place    | Note
--------------------------------------------------------------
     0 | D:1      | Ryushun, the Formicid Necromancer, began the quest for the Orb.
     0 | D:1      | Reached XP level 1. HP: 13/13 MP: 3/3
     2 | D:1      | Learned a level 1 spell: Animate Skeleton
   319 | D:1      | Reached XP level 2. HP: 7/20 MP: 2/4
   845 | D:1      | HP: 1/20 [giant cockroach (1)]
   846 | D:1      | Slain by a bat

Action                   || total
-------------------------++-------
Melee: Dagger            ||    45
Throw: Stone             ||     1
 Cast: Pain              ||    13
       Animate Skeleton  ||     5
